AoeStats
← Huskarls4

Arena

507146034Analyzed
4v4 RM · 1mo ago on Sep 16, 2026· 49m 55s· 8 players
Game mode
Random Map
Map size
Large (8 player)
Population
200
Speed
Normal
Resources
Standard
Victory
Conquest
Starting age
Dark Age
Ending age
Imperial Age
RankedLock teamsTeams togetherTeam positionsShared explorationLock speedFull tech treeHidden civsTurbo modeCheats
Victory
Defeat
🇵🇪 Bengalis · Peru
1567
+10
🇲🇽 Vietnamese · Mexico
1499
+13
🇲🇽 Cumans · Mexico
1442
+15
🇲🇽 Byzantines · Mexico
1399
+17
vs
🇲🇽 Malay · Mexico
1506
-17
🇵🇪 Franks · Peru
1409
-13
🇬🇧 Shu · United Kingdom
1409
-13
🇭🇰 Poles · Hong Kong SAR China
1391
-12
Huskarls4
10:24 Feudal Age
14:35 Castle Age
12:33 Horse Collar
13:58 Double-Bit Axe
23:43 Wheelbarrow
23:47 Bow Saw
23:42 Gold Mining
24:19 Heavy Plow
25:05 Stone Mining
25:35 Hand Cart
25:31 Loom
28:58 Imperial Age
26:56 Fletching
27:59 Ballistics
27:19 Crossbowman
28:04 Thumb Ring
28:57 Padded Archer Armor
30:18 Gold Shaft Mining
30:48 Two-Man Saw
30:56 Chemistry
29:19 Arbalester
30:40 Bodkin Arrow
31:01 Leather Archer Armor
31:34 Conscription
32:13 Bolt Magazine
32:05 Pikeman
33:37 Scale Mail Armor
33:47 Forging
33:49 Halberdier
34:46 Chain Mail Armor
36:18 Coiled Serpent Array
38:44 Plate Mail Armor
38:53 Squires
43:12 Elite Skirmisher
CTM | KLIN
10:10 Feudal Age
11:33 Loom
14:38 Castle Age
12:37 Double-Bit Axe
15:49 Bow Saw
20:58 Forging
22:24 Husbandry
24:20 Wheelbarrow
24:42 Gold Mining
26:27 Iron Casting
27:30 Scale Barding Armor
34:11 Imperial Age
33:02 Chain Barding Armor
33:39 Gold Shaft Mining
32:56 Stone Mining
34:21 Cavalier
36:05 Blast Furnace
35:52 Conscription
35:33 Chivalry
36:36 Paladin
39:12 Town Watch
39:43 Hand Cart
40:50 Town Patrol
44:32 Plate Barding Armor
47:09 Pikeman
47:50 Squires
48:39 Halberdier
Walmart
6:16 Loom
8:38 Feudal Age
8:43 Double-Bit Axe
11:51 Fletching
17:11 Wheelbarrow
18:31 Horse Collar
22:10 Castle Age
20:50 Gold Mining
21:51 Bodkin Arrow
25:56 Bow Saw
28:02 Heavy Plow
28:41 Gold Shaft Mining
28:19 Stone Mining
32:45 Hand Cart
36:59 Imperial Age
34:36 Pikeman
35:58 Squires
36:11 Forging
37:43 Chemistry
36:06 Halberdier
37:39 Iron Casting
39:40 Blast Furnace
43:14 Crossbowman
43:59 Thumb Ring
46:04 Arbalester
48:35 Bracer
48:35 Padded Archer Armor
What's your ETA?
8:23 Loom
10:32 Feudal Age
11:39 Double-Bit Axe
14:35 Castle Age
12:26 Double-Bit Axe
12:50 Horse Collar
15:04 Wheelbarrow
15:30 Bow Saw
15:21 Heavy Plow
17:01 Hand Cart
20:18 Gold Mining
21:37 Loom
21:38 Town Watch
22:06 Scale Barding Armor
22:12 Forging
23:25 Chain Barding Armor
24:19 Iron Casting
24:51 Bloodlines
24:42 Husbandry
25:51 Town Patrol
25:23 Light Cavalry
26:39 Stone Mining
28:10 Stone Shaft Mining
30:14 Imperial Age
28:36 Crossbowman
29:22 Thumb Ring
29:09 Fletching
29:19 Padded Archer Armor
29:56 Bodkin Arrow
30:54 Szlachta Privileges
30:31 Cavalier
30:35 Winged Hussar
30:46 Winged Hussar
32:28 Blast Furnace
31:50 Conscription
31:58 Bracer
32:09 Pikeman
32:50 Squires
32:51 Scale Mail Armor
33:27 Elite Obuch
35:26 Chain Mail Armor
38:45 Plate Mail Armor
EXILE | LauraHero
1:56 Loom
11:56 Feudal Age
15:58 Castle Age
14:06 Double-Bit Axe
14:32 Horse Collar
14:50 Stone Mining
17:32 Bow Saw
18:28 Wheelbarrow
21:53 Town Watch
23:25 Gold Mining
24:17 Stone Shaft Mining
24:31 Heavy Plow
29:29 Imperial Age
27:05 Padded Archer Armor
27:57 Fletching
28:45 Bodkin Arrow
29:57 Hand Cart
30:00 Leather Archer Armor
30:40 Paper Money
31:32 Two-Man Saw
31:04 Ballistics
31:44 Chemistry
31:39 Bracer
34:27 Ring Archer Armor
37:13 Elite Rattan Archer
38:44 Crop Rotation
41:38 Bombard Tower
41:30 Forging
49:36 Elite Skirmisher
50:52 Iron Casting
50:27 Thumb Ring
EXILE | Polag3K
7:06 Loom
9:21 Feudal Age
10:11 Double-Bit Axe
10:17 Horse Collar
19:57 Castle Age
18:47 Scale Barding Armor
19:50 Forging
20:19 Wheelbarrow
20:42 Bloodlines
21:14 Gold Mining
22:30 Chain Barding Armor
25:48 Iron Casting
35:29 Imperial Age
35:47 Cavalier
37:04 Plate Barding Armor
37:10 Hand Cart
36:41 Town Watch
37:57 Blast Furnace
36:56 Pikeman
37:36 Squires
37:39 Scale Mail Armor
38:38 Conscription
38:49 Halberdier
39:42 Paladin
40:43 Chain Mail Armor
42:46 Fletching
47:01 Steppe Husbandry
48:51 Bodkin Arrow
49:20 Ballistics
50:02 Chemistry
EXILE | Mancoazteca
5:10 Loom
10:56 Feudal Age
14:41 Fletching
27:07 Horse Collar
28:01 Forging
30:24 Castle Age
28:45 Stone Mining
29:13 Double-Bit Axe
33:08 Bow Saw
33:48 Heavy Plow
34:39 Fortified Wall
40:19 Imperial Age
37:19 Pikeman
38:01 Squires
38:05 Scale Mail Armor
38:57 Wheelbarrow
39:14 Chain Mail Armor
39:56 Iron Casting
41:12 Hand Cart
40:46 Halberdier
43:28 Plate Mail Armor
43:27 Arson
44:46 Two-Man Saw
44:18 Crop Rotation
45:09 Man-at-Arms
45:36 Gambesons
46:43 Long Swordsman
47:33 Two-Handed Swordsman
49:06 Champion
EXILE | TurtleS3
10:15 Feudal Age
14:16 Castle Age
13:08 Double-Bit Axe
13:26 Horse Collar
19:38 Wheelbarrow
19:54 Bow Saw
21:15 Heavy Plow
21:43 Stone Mining
23:15 Gold Mining
24:57 Gold Shaft Mining
25:11 Hand Cart
29:00 Imperial Age
27:07 Scale Barding Armor
27:40 Loom
28:36 Chain Barding Armor
29:18 Forging
29:30 Bloodlines
29:23 Husbandry
29:09 Elite Battle Elephant
30:26 Plate Barding Armor
30:15 Conscription
31:16 Iron Casting
30:41 Town Watch
32:14 Two-Man Saw
31:53 Paiks
32:06 Light Cavalry
33:33 Redemption
33:24 Devotion
34:43 Mahayana
35:35 Blast Furnace
34:30 Siege Elephant
35:41 Guilds
36:08 Crop Rotation
36:25 Fletching
36:57 Ballistics
37:22 Bodkin Arrow
38:30 Chemistry
37:14 Treadmill Crane
38:35 Chemistry
38:14 Bracer
38:26 Masonry
46:09 Fortified Wall
47:03 Siege Engineers
47:57 Architecture
47:22 Murder Holes
Connection lost

Rejoining the realm…

Still unreachable

The connection could not be restored.

Session expired

The server has moved on; the page needs a fresh start.